 Dungeon Crawl Stone Soup version 0.30-a0-341-g682706514a (webtiles) character file.

Game seed: 9118769907863395958

58 KKCryptic the Poker (level 3, 0/30 HPs)
             Began as a Minotaur Gladiator on Nov 3, 2022.
             Killed from afar by Ijyb (13 damage)
             ... with a bolt of light
             ... on level 3 of the Dungeon.
             The game lasted 00:04:39 (1424 turns).

KKCryptic the Poker (Minotaur Gladiator)            Turns: 1424, Time: 00:04:40

Health: 0/30       AC:  7    Str: 20    XL:     3   Next: 76%
Magic:  2/2        EV: 12    Int:  5    God:
Gold:   98         SH:  0    Dex: 11    Spells: 2/2 levels left

rFire   . . .      SeeInvis .    a - +0 trident
rCold   . . .      Faith    .    (no shield)
rNeg    . . .      Spirit   .    n - +3 leather armour
rPois   .          Reflect  .    c - +0 hat
rElec   .          Harm     .    k - +0 cloak
rCorr   .          Rampage  .    (no gloves)
Will    .....                    (no boots)
Stlth   +.........               (no amulet)
HPRegen 0.25/turn                (no ring)
MPRegen 0.08/turn                (no ring)

@: no status effects
A: horns 2, retaliatory headbutt
a: no special abilities


You were on level 3 of the Dungeon.
You visited 1 branch of the dungeon, and saw 3 of its levels.

You collected 98 gold pieces.

Inventory:

Hand Weapons
 a - a +0 trident (weapon)
Missiles
 b - 6 boomerangs
 d - 3 throwing nets (quivered)
 e - 4 javelins
 l - 9 stones
Armour
 c - a +0 hat (worn)
 k - a +0 cloak (worn)
 n - a +3 leather armour (worn)
Scrolls
 f - a scroll of teleportation {unknown}
 g - 4 scrolls of identify {unknown}
 j - a scroll of fear {unknown}
 m - a scroll of blinking {unknown}
Potions
 h - a potion of ambrosia {unknown}
 i - a potion of curing {unknown}


   Skills:
 - Level 2.4 Fighting
 * Level 4.8 Polearms
 - Level 2.0 Throwing
 + Level 1.8 Armour
 + Level 3.8 Dodging


You had 2 spell levels left.
You didn't know any spells.
Your spell library contained the following spells:

 Spells                   Type           Power      Damage    Failure   Level
 Sandblast                Erth           0%         2d4       52%         1
 Passwall                 Tmut/Erth      0%         N/A       67%         2
 Stone Arrow              Conj/Erth      0%         3d7       88%         3


Dungeon Overview and Level Annotations

Branches:
Dungeon (3/15)

Altars:

Annotations:
D:3 Grinder, Ijyb, Sigmund


Innate Abilities, Weirdness & Mutations

You have a pair of horns on your head.
You reflexively headbutt those who attack you in melee.


Message History

Level annotation: Grinder, Sigmund
There is a stone staircase leading up here.
A worm comes into view.
You reach to attack!
You barely miss the worm. You puncture the worm!
The worm is heavily wounded.
The worm barely misses you. You furiously retaliate!
You headbutt the worm. You hit the worm.
The worm is severely wounded.
You barely miss the worm. Your headbutt misses the worm.
The worm is severely wounded.
The worm barely misses you.
You puncture the worm!
You kill the worm!
Ijyb the Twisted Goblin comes into view.
She is wielding a +0 club and carrying a wand of light (14).
Ijyb shouts!
Found a scroll labelled YNTIUKKIWK.
A rat comes into view.
Found a sedimented clear potion.
Ijyb hits you with a +0 club.
You closely miss Ijyb. Ijyb barely misses you.
You barely miss Ijyb. You headbutt Ijyb, but do no damage.
Ijyb barely misses you.
You closely miss Ijyb. Your headbutt misses Ijyb. Ijyb hits you with a +0 club.
You hit Ijyb but do no damage. The rat bites you. Ijyb hits you with a +0 club.
You closely miss Ijyb. Ijyb hits you with a +0 club. The rat barely misses you.
The rat attacks as you move away! The rat bites you but does no damage.
Ijyb attacks as you move away! Ijyb closely misses you.
You closely miss the rat. Your headbutt misses the rat.
The rat closely misses you.
You puncture the rat!
You kill the rat!
Ijyb zaps a wand.
The bolt of light hits you!
You are confused.
Ijyb hits you with a +0 club.
You see here a rat corpse.
You bump into the rock wall.
You feel less confused.
Ijyb zaps a wand.
The bolt of light hits you!
You die...

.##.## #....#####.####
#..............
....#....!.... ...
.....^.#. ##.#
#........ . #.<#
#........
...#######.####........
........##....@g.......
......†.....###........
..........### #........
........### #........
........# #........
........# #........
........# #.....?..
........# #........
#########


You could see Ijyb.

Vanquished Creatures
  2 worms
  5 ball pythons
  5 bats
  9 endoplasms
  2 giant cockroaches (D:1)
  4 goblins
  4 hobgoblins
  5 quokkas
  3 frilled lizards
  3 kobolds
  5 rats
47 creatures vanquished.

Notes
Turn   | Place    | Note
-------+----------+-------------------------------------------
     0 | D:1      | KKCryptic the Minotaur Gladiator began the quest for the
                  | Orb.
     0 | D:1      | Reached XP level 1. HP: 18/18 MP: 0/0
    79 | D:1      | Reached skill level 4 in Polearms
    79 | D:1      | Reached XP level 2. HP: 22/25 MP: 1/1
   175 | D:1      | Reached skill level 1 in Armour
   431 | D:1      | You fall into a shaft and drop 1 floor!
   472 | D:2      | Reached XP level 3. HP: 30/30 MP: 2/2
  1289 | D:3      | Noticed Grinder
  1291 | D:3      | Noticed Sigmund
  1410 | D:3      | Noticed Ijyb
  1424 | D:3      | Killed from afar by Ijyb

Illustrated notes

Levels and vault maps discovered:
D:1:      lightli_arrival_statue_moat, layout_loops_ring
D:2:      layout_rooms, nrook_loot_triangle
D:3:      layout_rooms, nicolae_overflow_hidden_temple, uniq_ijyb, uniq_sigmund,
          uniq_jessica, uniq_grinder

Skill      XL: |  1  2 |
---------------+-------+-----
Polearms       | 4 |  4.8
Armour         | 1 |  1.8
Fighting       | |  2.4
Throwing       | |  2.0
Dodging        | |  3.8

Action                   || total
-------------------------++-------
Melee: Trident           ||   124
       Headbutt          ||    11
       Punch             ||     1
 Stab: Sleeping          ||     1
Armor: Leather armour    ||    24
       Ring mail         ||     8
Dodge: Dodged            ||    58

Table legend: (Time is in decaauts)
 A = Elapsed time spent in this place.
 B = Non-inter-level travel time spent in this place.
 C = Inter-level travel time spent in this place.
 D = Time resting spent in this place.
 E = Time spent auto-exploring this place.
 F = Levels seen in this place.
 G = Mean time per level.
                   A        B        C        D        E       F      G
               +--------+--------+--------+--------+--------+-----+--------+
         Total |   1432 |   1372 |     60 |     71 |    966 |   3 |  477.3 |
       Dungeon |   1432 |   1372 |     60 |     71 |    966 |   3 |  477.3 |
               +--------+--------+--------+--------+--------+-----+--------+

Top non-repeatable levels by time:
     D:1: 755 daAuts
     D:2: 639 daAuts
     D:3: 37 daAuts
